 Dungeon Crawl Stone Soup version 0.27-a0-686-gaed091b46b (webtiles) character file.

Game seed: 10835210496850166540

74 sahdkjhfkaj the Skirmisher (level 4, 0/41 HPs)
             Began as a Draconian Transmuter on Mar 20, 2021.
             Slain by a worker ant (5 damage)
             ... on level 4 of the Dungeon.
             The game lasted 00:01:23 (2210 turns).

sahdkjhfkaj the Skirmisher (Draconian Transmuter)   Turns: 2210, Time: 00:01:24

Health: 0/41       AC:  5    Str: 14    XL:     4   Next: 10%
Magic:  7/7        EV: 12    Int: 15    God:
Gold:   73         SH:  0    Dex: 11    Spells: 6/7 levels left

rFire    . . .     SeeInvis .     - Unarmed
rCold    . . .     Faith    .   (no shield)
rNeg     . . .     Spirit   .   (armour unavailable)
rPois    .         Reflect  .   (helmet restricted)
rElec    .         Harm     .   (no cloak)
rCorr    .         Rampage  .   (no gloves)
Will     .....                  (no boots)
Stlth    +.........             (no amulet)
HPRegen  0.13/turn              (no ring)
MPRegen  0.10/turn              (no ring)

@: mighty, lethally poisoned (0 -> -8), very slightly contaminated, invisible
A: AC +5, unfitting armour, cold-blooded, claws 1, blurry vision 1, strong 1
a: no special abilities


You were on level 4 of the Dungeon.
You visited 1 branch of the dungeon, and saw 3 of its levels.

You collected 73 gold pieces.

Inventory:

Potions
 c - 2 potions of attraction
 g - a potion of invisibility


   Skills:
 + Level 4.4 Fighting
 - Level 1.7 Dodging
 - Level 3.0 Unarmed Combat
 - Level 2.0 Spellcasting
 - Level 2.0 Transmutations


You had 6 spell levels left.
You knew the following spells:

 Your Spells              Type           Power      Damage    Failure   Level
a - Beastly Appendage     Tmut           14%        N/A       10%         1

Your spell library contained the following spells:

 Spells                   Type           Power      Damage    Failure   Level
 Wereblood                Tmut           7%         N/A       14%         2
 Spider Form              Tmut/Pois      2%         N/A       41%         3
 Ice Form                 Ice/Tmut       4%         N/A       82%         4
 Blade Hands              Tmut           3%         N/A       95%         5


Dungeon Overview and Level Annotations

Branches:
Dungeon (2/15)             Temple (0/1) D:4

Altars:
Cheibriados
Fedhas
Wu Jian
Xom
Zin
The Shining One


Innate Abilities, Weirdness & Mutations

Your plain brown scales are hard. (AC +5)
You cannot fit into any form of body armour.
You are cold-blooded and may be slowed by cold attacks.
You have sharp fingernails.
Scrolls take you a little longer to read.
Your muscles are strong. (Str +2)


Message History

The orc wizard gestures at the frilled lizard while chanting.
The frilled lizard appears confused.
The frilled lizard hisses angrily.
Your Fighting skill increases to level 4!
You closely miss the adder. You headbutt the adder.
The adder is lightly wounded.
* * * LOW HITPOINT WARNING * * *
You feel sick. The adder barely misses you.
The frilled lizard bites the orc.
The adder barely misses you.
You hit the adder.
The adder is moderately wounded.
* * * LOW HITPOINT WARNING * * *
You feel sick.
A worker ant comes into view.
The adder closely misses you.
You hit the adder. You claw the adder.
You kill the adder!
* * * LOW HITPOINT WARNING * * *
You feel sick.
You have reached level 4!
You feel clever.
* * * LOW HITPOINT WARNING * * *
You feel sick. The worker ant barely misses you.
The frilled lizard closely misses the orc wizard.
It was a potion of magic.
Magic courses through your body.
* * * LOW HITPOINT WARNING * * *
You feel sick. The worker ant closely misses you.
The frilled lizard misses the orc wizard.
Really quaff the potion of attraction?
Okay, then.
It was a potion of might.
You feel very mighty all of a sudden.
* * * LOW HITPOINT WARNING * * *
You feel sick. The worker ant closely misses you.
The frilled lizard bites the orc.
It was a potion of mutation.
You feel extremely strange.
You feel stronger.
Your vision blurs.
Your fingernails lengthen.
Your horns disappear.
Your talons disappear.
The worker ant bites you.
You die...

.... $... ......#
.... ......# ....
......# .... ##
......# ...# ### #.
......# ## # ...###.
..... #..
........#####..#####
#..
#.[.#...ol†.@B.....#
#..
#.⌠.#..oo#########..
#.###...###..#
#..$......o..#
#..⌠..>..⌠..o#
#l...........#
..###...###..#
#...#.⌠.#.o.##
....#..o#...#


You could see a worker ant, an orc wizard, 2 orcs and a frilled lizard
(confused).

Vanquished Creatures
  A worker ant (D:4)
  2 adders (D:4)
  A worm (D:2)
  A dart slug (D:2)
  A leopard gecko (D:1)
  A ball python (D:2)
  3 giant cockroaches (D:1)
  A hobgoblin (D:2)
  6 bats
  A frilled lizard (D:1)
  6 goblins
  2 kobolds
  5 rats
31 creatures vanquished.

Vanquished Creatures (others)
  A plant (D:2)
1 creature vanquished.

Grand Total: 32 creatures vanquished

Notes
Turn   | Place    | Note
-------+----------+-------------------------------------------
     0 | D:1      | sahdkjhfkaj the Draconian Transmuter began the quest for
                  | the Orb.
     0 | D:1      | Reached XP level 1. HP: 16/16 MP: 3/3
   197 | D:1      | Reached skill level 2 in Fighting
   575 | D:1      | Reached XP level 2. HP: 25/25 MP: 3/5
  1031 | D:1      | Reached skill level 3 in Fighting
  1568 | D:2      | Found a blossoming altar of Fedhas.
  1896 | D:2      | Found a shimmering altar of Xom.
  1910 | D:2      | Found a glowing silver altar of Zin.
  1910 | D:2      | Found a glowing golden altar of the Shining One.
  1913 | D:2      | Found an ornate altar of the Wu Jian Council.
  1913 | D:2      | Found a snail-covered altar of Cheibriados.
  1913 | D:2      | Found a glowing silver altar of Zin.
  2084 | D:2      | Reached XP level 3. HP: 31/31 MP: 4/6
  2141 | D:2      | You fall into a shaft and drop 2 floors!
  2170 | D:4      | Found a staircase to the Ecumenical Temple.
  2204 | D:4      | Reached skill level 4 in Fighting
  2207 | D:4      | Reached XP level 4. HP: 7/41 MP: 7/7
  2210 | D:4      | Gained mutation: Your muscles are strong. (Str +2) [potion
                  | of mutation]
  2210 | D:4      | Gained mutation: Scrolls take you a little longer to read.
                  | [potion of mutation]
  2210 | D:4      | Gained mutation: You have sharp fingernails. [potion of
                  | mutation]
  2210 | D:4      | Slain by a worker ant

Illustrated notes

Levels and vault maps discovered:
D:1:      giann_horns, layout_basic, chequers_big_river, kennysheep_boxes
D:2:      layout_loops_ring, fedhas_altar_3, serial_rivers,
          chequers_serial_rivers_small_3, chequers_serial_rivers_small_a,
          chequers_serial_rivers_micro_d, chequers_serial_rivers_small_3,
          chequers_serial_rivers_micro_b, doesnt_xom_only_xom
D:4:      layout_rooms, minmay_temple_entry_junction_2, uniq_eustachio

Skill      XL: |  1  2  3 |
---------------+----------+-----
Fighting       | 2 3 4 |  4.4
Dodging        | |  1.7
Unarmed Combat | |  3.0
Spellcasting   | |  2.0
Transmutations | |  2.0

Action                   |  1- 3 |  4- 6 || total
-------------------------+-------+-------++-------
Melee: Unarmed           |    99 |       ||    99
       Kick              |    13 |       ||    13
       Headbutt          |    11 |       ||    11
       Tailslap          |     4 |       ||     4
 Cast: Beastly Appendage |    28 |       ||    28
  Use: Scroll            |     3 |       ||     3
       Potion            |     1 |     3 ||     4
 Stab: Invisible         |     1 |       ||     1
Armor: Skin              |    41 |       ||    41
Dodge: Dodged            |    91 |     3 ||    94

Table legend: (Time is in decaauts)
 A = Elapsed time spent in this place.
 B = Non-inter-level travel time spent in this place.
 C = Inter-level travel time spent in this place.
 D = Time resting spent in this place.
 E = Time spent auto-exploring this place.
 F = Levels seen in this place.
 G = Mean time per level.
                   A        B        C        D        E       F      G
               +--------+--------+--------+--------+--------+-----+--------+
         Total |   2257 |   2226 |     31 |      0 |   1952 |   3 |  752.3 |
       Dungeon |   2257 |   2226 |     31 |      0 |   1952 |   3 |  752.3 |
               +--------+--------+--------+--------+--------+-----+--------+

Top non-repeatable levels by time:
     D:1: 1610 daAuts
     D:2: 579 daAuts
     D:4: 67 daAuts
